 Dungeon Crawl Stone Soup version 0.26-a0-778-g3fe0686644 (webtiles) character file.

Game seed: 8694354351217824337

10210 robertstho the Frost Mage (level 11, -9/83 HPs)
             Began as a Gnoll Ice Elementalist on Nov 9, 2020.
             Was an Elder of Vehumet.
             Mangled by Snorg (18 damage)
             ... on level 10 of the Dungeon.
             The game lasted 00:20:39 (9758 turns).

robertstho the Frost Mage (Gnoll Ice Elementalist)  Turns: 9758, Time: 00:20:40

Health: -9/83      AC:  7    Str: 12    XL:     11   Next: 58%
Magic:  11/23      EV: 17    Int: 26    God:    Vehumet [****..]
Gold:   422        SH:  0    Dex: 15    Spells: 10/26 levels left

rFire    . . .     SeeInvis .   a - +1 halberd (venom)
rCold    . . .     Faith    .   (shield currently unavailable)
rNeg     . . .     Spirit   .   q - +0 troll leather armour
rPois    .         Reflect  .   (no helmet)
rElec    .         Harm     .   (no cloak)
rCorr    .         Rampage  .   E - +1 pair of gloves
MR       .....                  (no boots)
Stlth    ++++......             g - amulet of regeneration
HPRegen  1.03/turn              w - ring of wizardry
MPRegen  0.18/turn              B - +6 ring of intelligence

@: frozen ramparts
A: distributed training, fangs 1, strong nose
a: Renounce Religion


You were on level 10 of the Dungeon.
You worshipped Vehumet.
Vehumet was greatly pleased with you.
You visited 1 branch of the dungeon, and saw 10 of its levels.

You collected 422 gold pieces.

Inventory:

Hand Weapons
 a - a +1 halberd of venom (weapon)
 r - a +3 trident
 v - a +0 short sword of speed
 y - a +2 vorpal spear
 K - a +0 great mace of protection
Armour
 e - a +2 robe of magic resistance
 q - a +0 troll leather armour (worn)
 E - a +1 pair of gloves (worn)
 L - a +1 animal skin
Magical Staves
 F - an uncursed staff of poison
 G - an uncursed staff of earth
Jewellery
 g - an amulet of regeneration (around neck)
 w - a ring of wizardry (left hand)
 B - a +6 ring of intelligence (right hand)
 H - a cursed ring of teleportation {unknown}
Wands
 c - a wand of flame (64)
 z - a wand of digging (6)
 C - a wand of enslavement (23)
 D - a wand of paralysis (10)
 J - a wand of polymorph (3)
Scrolls
 b - 7 scrolls of magic mapping {unknown}
 d - 9 scrolls of remove curse
 h - 7 scrolls of teleportation {unknown}
 i - a scroll of identify
 o - 2 scrolls of noise {unknown}
 u - 2 scrolls of enchant weapon
 x - a scroll of fear {unknown}
 I - a scroll of fog {unknown}
Potions
 f - 3 potions of curing
 j - a potion of cancellation
 k - a potion of invisibility
 l - 2 potions of attraction
 m - 6 potions of lignification
 n - 5 potions of haste
 p - a potion of brilliance
 s - 2 potions of ambrosia
 A - a potion of might


   Skills:
 + Level 6.4 Fighting
 + Level 6.4 Short Blades
 + Level 6.4 Long Blades
 + Level 6.4 Axes
 + Level 6.4 Maces & Flails
 + Level 6.4 Polearms
 + Level 6.4 Staves
 + Level 6.4 Slings
 + Level 6.4 Bows
 + Level 6.4 Crossbows
 + Level 6.4 Throwing
 + Level 6.4 Armour
 + Level 8.0 Dodging
 + Level 7.7 Stealth
 + Level 6.4 Shields
 + Level 6.4 Unarmed Combat
 + Level 8.2 Spellcasting
 + Level 5.3 Conjurations
 + Level 5.3 Hexes
 + Level 5.3 Summonings
 + Level 5.3 Necromancy
 + Level 5.3 Translocations
 + Level 5.3 Transmutations
 + Level 5.3 Fire Magic
 + Level 9.0 Ice Magic
 + Level 5.3 Air Magic
 + Level 5.3 Earth Magic
 + Level 5.3 Poison Magic
 + Level 7.0 Invocations
 + Level 6.4 Evocations


You had 10 spell levels left.
You knew the following spells:

 Your Spells              Type           Power        Failure   Level
a - Freeze                Ice            ####         1%          1
b - Frozen Ramparts       Ice            ######       1%          3
c - Ozocubu's Armour      Ice            ######..     1%          3
d - Hailstorm             Conj/Ice       #####...     1%          4
e - Summon Ice Beast      Ice/Summ       #####...     1%          4
f - Foxfire               Conj/Fire      ####         1%          1

Your spell library contained the following spells:

 Spells                   Type           Power        Failure   Level
 Airstrike                Air            #####.....   1%          4
 Magic Dart               Conj           ####         1%          1
 Sandblast                Erth           #####.       1%          1
 Passwall                 Tmut/Erth      #####...     1%          2
 Searing Ray              Conj           #####.       1%          2
 Confusing Touch          Hex            #####...     1%          3
 Dazzling Flash           Conj/Hex       #####.       1%          3
 Gell's Gravitas          Tloc           #####.....   1%          3
 Stone Arrow              Conj/Erth      #####.       1%          3
 Fulminant Prism          Conj/Hex       #####.....   1%          4
 Ice Form                 Ice/Tmut       #####...     1%          4
 Iskenderun's Mystic Bla  Conj/Tloc      #####...     1%          4
 Lee's Rapid Deconstruct  Erth           #####.....   2%          5
 Yara's Violent Unravell  Hex/Tmut       #####.....   2%          5
 Petrify                  Tmut/Erth      #####...     3%          4
 Ozocubu's Refrigeration  Ice            ######....   3%          6
 Metabolic Englaciation   Hex/Ice        #####.....   4%          5
 Freezing Cloud           Conj/Ice/Air   #####.....   8%          6
 Simulacrum               Ice/Necr       #####.....   21%         6


Dungeon Overview and Level Annotations

Branches:
Dungeon (10/15)            Temple (0/1) D:5            Lair (0/6) D:9
    Orc: D:9-12

Altars:
Ashenzari
Cheibriados
Hepliaklqana
Kikubaaqudgha
Makhleb
Nemelex Xobeh
Okawaru
Trog
Uskayaw
Vehumet
Wu Jian
Yredelemnul
The Shining One

Shops:
D:10 =

Annotations:
D:10 Grum, Snorg


Innate Abilities, Weirdness & Mutations

Your experience applies equally to all skills.
You have very sharp teeth.
Your uncanny sense of smell can sniff out nearby items.


Message History

A wolf comes into view.
The wolf howls!
The wall freezes Snorg.
Grum snarls.
Grum throws a stone.
The stone hits you!
* * * LOW HITPOINT WARNING * * *
Snorg misses you. Snorg claws you but does no damage. Snorg closely misses you.
The wolf howls!
You see here a stone.
Okay, then.
Press: ? - help, Dir - move target cursor
As you read the scroll of blinking, it crumbles to dust.
Grum throws a stone.
The stone hits you.
* * * LOW HITPOINT WARNING * * *
You hear a howl!
Snorg rages.
Grum throws a stone.
The stone hits you!
* * * LOW HITPOINT WARNING * * *
Snorg bites you!!
You die...

..#.# ##### #...# #....
#...# #.#.# #...# #.#.#
#...#######.#..
#(........#.... ###
######YY.#####.#.###
##...##....(.........#.#
.........@T.h..........##
##...##..)......)....#..##
#.......####)..#####.#.#.#
#.##.##.# ##..............
.. #.# #....g.#####...#
..# #.# #..h.#.# ##.## )
#.# #..hh#.# #.# ∆..#
#.#.##.# #.# ### #.#.##.#
#.#


You could see Snorg (berserk), Grum, a wolf and 2 friendly ice beasts.

Vanquished Creatures
  Erolcha (D:10)
  Urug (D:10)
  Pikel (D:8)
  Psyche (D:10)
  2 trolls
  Prince Ribbit (D:8)
  Grinder (D:5)
  4 yaks (D:10)
  A wyvern (D:8)
  4 humans (D:8)
  A steam dragon (D:7)
  4 soldier ants (D:9)
  2 phantoms
  2 orc warriors
  3 ice beasts
  2 ogres
  4 wolves (D:9)
  A centaur (D:7)
  4 lemures (D:8)
  5 bullfrogs
  A gnoll sergeant (D:8)
  Dowan (D:5)
  3 scorpions
  2 howler monkeys
  4 wights (D:10)
  2 centaur zombies
  A quasit (D:9)
  5 hounds
  3 jellies
  An orc priest (D:9)
  25 worker ants
  A statue (D:4)
  2 hound zombies
  2 hound skeletons
  3 worker ant zombies
  10 adders
  14 gnolls
  3 shadow imps
  A white imp (D:7)
  An ufetubus (D:6)
  2 oozes
  An adder skeleton (D:9)
  3 adder zombies (D:6)
  2 worms (D:3)
  4 dart slugs
  5 leopard geckos
  17 orcs
  5 giant cockroaches
  6 goblins
  8 hobgoblins
  3 jackals (D:3)
  2 quokkas (D:5)
  2 ball pythons
  5 bats
  14 frilled lizards
  A jackal zombie (D:8)
  19 kobolds
  A leopard gecko skeleton (D:7)
  2 quokka skeletons (D:4)
  A quokka zombie (D:6)
  9 rats
242 creatures vanquished.

Vanquished Creatures (collateral kills)
  Harold (D:8)
  A queen ant (D:9)
  A troll (D:9)
  2 yaks (D:10)
  Duvessa (D:5)
  4 soldier ants (D:9)
  A black bear (D:9)
  2 ogres
  A centaur (D:7)
  A big kobold (D:9)
  A bullfrog (D:7)
  A scorpion (D:9)
  A howler monkey (D:9)
  3 wights (D:10)
  3 electric eels (D:9)
  A bullfrog zombie (D:8)
  A hound (D:10)
  An iguana (D:7)
  2 worker ants
  A gnoll (D:6)
  An orc (D:9)
  A kobold (D:9)
32 creatures vanquished.

Grand Total: 274 creatures vanquished

Notes
Turn   | Place    | Note
-------+----------+-------------------------------------------
     0 | D:1      | robertstho the Gnoll Ice Elementalist began the quest for
                  | the Orb.
     0 | D:1      | Reached XP level 1. HP: 13/13 MP: 6/6
   273 | D:1      | Reached XP level 2. HP: 14/19 MP: 7/7
   633 | D:1      | Reached XP level 3. HP: 25/25 MP: 9/9
   694 | D:1      | Reached skill level 5 in Spellcasting
  1046 | D:2      | Reached skill level 1 in Invocations
  1139 | D:2      | Learned a level 3 spell: Frozen Ramparts
  1143 | D:2      | Learned a level 3 spell: Ozocubu's Armour
  1191 | D:2      | Reached skill level 1 in Fighting
  1191 | D:2      | Reached skill level 1 in Short Blades
  1191 | D:2      | Reached skill level 1 in Long Blades
  1191 | D:2      | Reached skill level 1 in Axes
  1191 | D:2      | Reached skill level 1 in Maces & Flails
  1191 | D:2      | Reached skill level 1 in Polearms
  1191 | D:2      | Reached skill level 1 in Staves
  1191 | D:2      | Reached skill level 1 in Slings
  1191 | D:2      | Reached skill level 1 in Bows
  1191 | D:2      | Reached skill level 1 in Crossbows
  1191 | D:2      | Reached skill level 1 in Throwing
  1191 | D:2      | Reached skill level 1 in Armour
  1191 | D:2      | Reached skill level 1 in Shields
  1191 | D:2      | Reached skill level 1 in Unarmed Combat
  1191 | D:2      | Reached skill level 1 in Evocations
  1211 | D:2      | Reached XP level 4. HP: 32/32 MP: 9/11
  1304 | D:2      | Reached skill level 1 in Conjurations
  1304 | D:2      | Reached skill level 1 in Hexes
  1304 | D:2      | Reached skill level 1 in Summonings
  1304 | D:2      | Reached skill level 1 in Necromancy
  1304 | D:2      | Reached skill level 1 in Translocations
  1304 | D:2      | Reached skill level 1 in Transmutations
  1304 | D:2      | Reached skill level 1 in Fire Magic
  1304 | D:2      | Reached skill level 1 in Air Magic
  1304 | D:2      | Reached skill level 1 in Earth Magic
  1304 | D:2      | Reached skill level 1 in Poison Magic
  1312 | D:2      | Found a burning altar of Makhleb.
  1497 | D:2      | Found an iron altar of Okawaru.
  1561 | D:2      | Reached XP level 5. HP: 29/37 MP: 10/12
  2657 | D:3      | Found a hazy altar of Hepliaklqana.
  2754 | D:4      | Noticed an ogre
  2769 | D:4      | Reached XP level 6. HP: 17/44 MP: 9/13
  2834 | D:4      | Reached skill level 5 in Dodging
  3115 | D:4      | Found a basalt altar of Yredelemnul.
  3189 | D:4      | Found a radiant altar of Vehumet.
  3263 | D:4      | Became a worshipper of Vehumet
  3317 | D:4      | Reached XP level 7. HP: 50/50 MP: 15/15
  3438 | D:4      | Learned a level 4 spell: Hailstorm
  3443 | D:4      | Learned a level 4 spell: Summon Ice Beast
  3473 | D:5      | Entered Level 5 of the Dungeon
  3732 | D:5      | Noticed Grinder
  3765 | D:5      | Killed Grinder
  3835 | D:5      | Noticed Duvessa
  3847 | D:5      | Killed Duvessa
  3847 | D:5      | Reached skill level 5 in Stealth
  3859 | D:5      | Noticed Dowan
  3873 | D:5      | Killed Dowan
  4052 | D:5      | Reached XP level 8. HP: 57/57 MP: 9/16
  4302 | D:5      | Found a staircase to the Ecumenical Temple.
  4421 | D:6      | Found a bloodstained altar of Trog.
  5329 | D:7      | Found a broken altar of Ashenzari.
  5349 | D:7      | Reached * piety under Vehumet
  5349 | D:7      | Offered knowledge of Shock by Vehumet.
  5611 | D:7      | Found a sparkling altar of Nemelex Xobeh.
  5742 | D:7      | Found a glowing golden altar of the Shining One.
  5783 | D:7      | Found an ornate altar of the Wu Jian Council.
  5930 | D:7      | Reached XP level 9. HP: 65/65 MP: 5/18
  6151 | D:8      | Noticed Harold
  6162 | D:8      | Killed Harold
  6162 | D:8      | Reached skill level 8 in Ice Magic
  6491 | D:8      | Reached ** piety under Vehumet
  6557 | D:8      | Offered knowledge of Foxfire by Vehumet.
  6570 | D:8      | Noticed Pikel
  6584 | D:8      | Killed Pikel
  6584 | D:8      | Reached skill level 5 in Invocations
  6586 | D:8      | Reached XP level 10. HP: 32/73 MP: 18/20
  6592 | D:8      | Learned a level 1 spell: Foxfire
  6787 | D:8      | Noticed Prince Ribbit
  6799 | D:8      | Killed Prince Ribbit
  6799 | D:8      | Reached skill level 5 in Fighting
  6799 | D:8      | Reached skill level 5 in Short Blades
  6799 | D:8      | Reached skill level 5 in Long Blades
  6799 | D:8      | Reached skill level 5 in Axes
  6799 | D:8      | Reached skill level 5 in Maces & Flails
  6799 | D:8      | Reached skill level 5 in Polearms
  6799 | D:8      | Reached skill level 5 in Staves
  6799 | D:8      | Reached skill level 5 in Slings
  6799 | D:8      | Reached skill level 5 in Bows
  6799 | D:8      | Reached skill level 5 in Crossbows
  6799 | D:8      | Reached skill level 5 in Throwing
  6799 | D:8      | Reached skill level 5 in Armour
  6799 | D:8      | Reached skill level 5 in Shields
  6799 | D:8      | Reached skill level 5 in Unarmed Combat
  6799 | D:8      | Reached skill level 5 in Evocations
  7166 | D:8      | Found an ancient bone altar of Kikubaaqudgha.
  7265 | D:8      | Found a snail-covered altar of Cheibriados.
  7731 | D:9      | Found a staircase to the Lair.
  7995 | D:9      | Offered knowledge of Mephitic Cloud by Vehumet.
  8194 | D:9      | Reached *** piety under Vehumet
  8196 | D:9      | Noticed a queen ant
  8219 | D:9      | Killed a queen ant
  8230 | D:9      | Reached XP level 11. HP: 81/81 MP: 3/22
  8234 | D:9      | Offered knowledge of Ignite Poison by Vehumet.
  8555 | D:9      | Noticed a +0 dagger
  8556 | D:9      | Found a hide-covered altar of Uskayaw.
  8556 | D:9      | Noticed a +0 hand axe
  9018 | D:10     | Entered Level 10 of the Dungeon
  9037 | D:10     | Reached skill level 5 in Conjurations
  9037 | D:10     | Reached skill level 5 in Hexes
  9037 | D:10     | Reached skill level 5 in Summonings
  9037 | D:10     | Reached skill level 5 in Necromancy
  9037 | D:10     | Reached skill level 5 in Translocations
  9037 | D:10     | Reached skill level 5 in Transmutations
  9037 | D:10     | Reached skill level 5 in Fire Magic
  9037 | D:10     | Reached skill level 5 in Air Magic
  9037 | D:10     | Reached skill level 5 in Earth Magic
  9037 | D:10     | Reached skill level 5 in Poison Magic
  9058 | D:10     | Reached **** piety under Vehumet
  9214 | D:10     | Noticed Erolcha
  9221 | D:10     | Killed Erolcha
  9287 | D:10     | Noticed Urug
  9288 | D:10     | Noticed Psyche
  9297 | D:10     | Killed Psyche
  9297 | D:10     | Offered knowledge of Airstrike by Vehumet.
  9300 | D:10     | Killed Urug
  9514 | D:10     | Reached skill level 9 in Ice Magic
  9533 | D:10     | HP: 4/82 [yak (15)]
  9697 | D:10     | Found Yjadgh's Jewellery Boutique.
  9744 | D:10     | Noticed Snorg
  9753 | D:10     | Noticed Grum
  9758 | D:10     | Mangled by Snorg

Illustrated notes

Levels and vault maps discovered:
D:1:      dpeg_arrival_more_subterranean_lakeside_camping, layout_loops_ring,
          minmay_tripent
D:2:      layout_basic, lemuel_doored_altar, okawaru_ov_weapons_minmay
D:3:      layout_loops_ring, lemuel_coloured_pillars_altar, nrook_mini_vaults
D:4:      layout_cave_pools, vehumet_statue, lemuel_crystal_altar,
          grunt_decor_cap
D:5:      layout_basic, minmay_temple_entry_statues, uniq_grinder, uniq_duvessa
D:6:      layout_basic, old_standard_altar, serial_undead, serial_undead_e,
          serial_undead_d, serial_undead_b, serial_undead_d
D:7:      layout_rooms, lemuel_round_altar, nicolae_overflow_hidden_temple,
          tso_oasis_becter, st_stairs_9
D:8:      layout_gridville, marbit_many_paths, lemuel_round_altar,
          minmay_ruffians, uniq_harold, uniq_prince_ribbit1, uniq_pikel
D:9:      layout_irregular_city, dancing_weapons_uskayaw, erik_lair_island,
          corexii_leaking_fountain, hangedman_abyss_or_decor_lesser_grid,
          zaba_antful_of_joy
D:10:     layout_loops_cross, orc_0_dummy, minivault_16, minmay_liquid_box,
          minmay_shop_enchanted_jewellery, uniq_erolcha, uniq_snorg, uniq_grum,
          uniq_urug, uniq_psyche

Skill      XL: |  1  2  3  4  5  6  7  8  9 10 11 |
---------------+----------------------------------+-----
Spellcasting   | 5 6 7 8 |  8.2
Invocations    | 1 2 3 4 5 6 7 |  7.0
Fighting       | 1 2 3 4 5 6 |  6.4
Short Blades   | 1 2 3 4 5 6 |  6.4
Long Blades    | 1 2 3 4 5 6 |  6.4
Axes           | 1 2 3 4 5 6 |  6.4
Maces & Flails | 1 2 3 4 5 6 |  6.4
Polearms       | 1 2 3 4 5 6 |  6.4
Staves         | 1 2 3 4 5 6 |  6.4
Slings         | 1 2 3 4 5 6 |  6.4
Bows           | 1 2 3 4 5 6 |  6.4
Crossbows      | 1 2 3 4 5 6 |  6.4
Throwing       | 1 2 3 4 5 6 |  6.4
Armour         | 1 2 3 4 5 6 |  6.4
Shields        | 1 2 3 4 5 6 |  6.4
Unarmed Combat | 1 2 3 4 5 6 |  6.4
Evocations     | 1 2 3 4 5 6 |  6.4
Conjurations   | 1 2 3 4 5 |  5.3
Hexes          | 1 2 3 4 5 |  5.3
Summonings     | 1 2 3 4 5 |  5.3
Necromancy     | 1 2 3 4 5 |  5.3
Translocations | 1 2 3 4 5 |  5.3
Transmutations | 1 2 3 4 5 |  5.3
Fire Magic     | 1 2 3 4 5 |  5.3
Air Magic      | 1 2 3 4 5 |  5.3
Earth Magic    | 1 2 3 4 5 |  5.3
Poison Magic   | 1 2 3 4 5 |  5.3
Dodging        | 5 6 7 8 |  8.0
Stealth        | 5 6 7 |  7.7
Ice Magic      | 8 9 |  9.0

Action                   |  1- 3 |  4- 6 |  7- 9 | 10-12 || total
-------------------------+-------+-------+-------+-------++-------
Melee: Dagger            |    73 |   190 |    10 |       ||   273
       Bite              |     5 |    16 |    14 |     9 ||    44
       Trident           |       |       |    37 |       ||    37
       Halberd           |       |       |   119 |   151 ||   270
 Cast: Freeze            |    26 |    25 |     2 |       ||    53
       Frozen Ramparts   |       |     8 |    25 |    31 ||    64
       Summon Ice Beast  |       |       |    22 |    45 ||    67
       Hailstorm         |       |       |       |     6 ||     6
  Use: Scroll            |       |       |    10 |     6 ||    16
       Potion            |       |       |       |     1 ||     1
 Stab: Sleeping          |     9 |    17 |    12 |     2 ||    40
       Distracted        |       |       |     2 |     1 ||     3
       Held in net/web   |       |       |     1 |       ||     1
Armor: Robe              |    11 |    17 |    22 |     2 ||    52
       Troll leather arm |       |       |       |    29 ||    29
Dodge: Dodged            |    68 |   156 |   121 |   174 ||   519

Table legend: (Time is in decaauts)
 A = Elapsed time spent in this place.
 B = Non-inter-level travel time spent in this place.
 C = Inter-level travel time spent in this place.
 D = Time resting spent in this place.
 E = Time spent auto-exploring this place.
 F = Levels seen in this place.
 G = Mean time per level.
                   A        B        C        D        E       F      G
               +--------+--------+--------+--------+--------+-----+--------+
         Total |   9824 |   9573 |    251 |    429 |   7030 |  10 |  982.4 |
       Dungeon |   9824 |   9573 |    251 |    429 |   7030 |  10 |  982.4 |
               +--------+--------+--------+--------+--------+-----+--------+

Top non-repeatable levels by time:
     D:9: 1581 daAuts
     D:8: 1313 daAuts
     D:1: 985 daAuts
     D:5: 955 daAuts
     D:6: 927 daAuts
     D:2: 896 daAuts
     D:7: 835 daAuts
     D:3: 807 daAuts
     D:4: 765 daAuts
    D:10: 754 daAuts
